[Event "Romanian Open 2021"]
[Site "Alba Iulia"]
[Date "2021.11.23"]
[Round "4.4"]
[White "Vajda, Albert"]
[Black "Nastore, Pavel-Alexandru"]
[Result "1-0"]
[ECO "B52"]
[WhiteElo "2353"]
[BlackElo "2249"]
[Annotator "ChessBase"]
[PlyCount "81"]
[EventDate "2021.11.21"]
[EventType "swiss"]
[EventCountry "ROU"]
[SourceTitle "playchess.com"]
[Source "ChessBase"]
[SourceQuality "1"]
[TimeControl "5400+30"]

1. e4 c5 2. Nf3 d6 3. Bb5+ Bd7 4. Bxd7+ Nxd7 5. O-O Ngf6 6. Re1 e6 7. c3 Be7 8. d4 O-O 9. e5 Nd5 10. exd6 Bxd6 11. Nbd2 cxd4 12. Nxd4 N7f6 13. Qf3 Rc8 14. g3 Qb6 15. Ne4 Nxe4 16. Rxe4 Be7 17. Qe2 Rfd8 18. Nf3 Qc5 19. h4 Bf6 20. Bd2 b5 21. Re1 a5 22. h5 b4 23. c4 Nb6 24. h6 Qh5 25. b3 Bc3 26. Bxc3 bxc3 27. hxg7 c2 28. Kg2 Nd5 29. Qxc2 Qg6 30. Qb2 Nf6 31. Rh4 Rc5 32. Re5 Rxe5 33. Qxe5 Rd1 34. Rd4 Rc1 35. Nh4 Qh6 36. Rf4 Kxg7 37. Qxa5 Rc2 38. a4 Nh5 39. Rg4+ Kf6 40. Qd8+ Ke5 41. Qd4# 1-0

[Event "Romanian Open 2021"]
[Site "Alba Iulia"]
[Date "2021.11.23"]
[Round "4.9"]
[White "Sava, Robert-Gabriel"]
[Black "Butolo, Alexandru-Mircea"]
[Result "0-1"]
[ECO "B45"]
[WhiteElo "1735"]
[BlackElo "1768"]
[Annotator "NA RC"]
[PlyCount "62"]
[EventDate "2021.11.21"]
[EventType "swiss"]
[EventCountry "ROU"]
[SourceTitle "playchess.com"]
[Source "ChessBase"]
[SourceQuality "1"]
[TimeControl "5400+30"]

1. e4 c5 2. Nf3 Nc6 3. d4 cxd4 4. Nxd4 Nf6 5. Nc3 e6 6. Nxc6 bxc6 7. e5 Nd5 8. Ne4 Qc7 9. f4 Rb8 10. c4 Bb4+ 11. Ke2 O-O 12. cxd5 cxd5 13. Nf2 f6 14. exf6 Rxf6 15. Kf3 Bb7 16. Nd3 Bd6 17. Ke2 Ba6 18. Ke1 Re8 19. Be3 d4 20. Bxd4 e5 21. fxe5 Bxe5 22. Nxe5 Rxe5+ 23. Be2 Rxe2+ 24. Qxe2 Bxe2 25. Bxf6 Bg4 26. Bc3 Qc4 27. Kd2 Qe2+ 28. Kc1 Bf5 29. Bd2 d5 30. a4 Qc4+ 31. Bc3 Qd3 0-1

[Event "Romanian Open 2021"]
[Site "Alba Iulia"]
[Date "2021.11.23"]
[Round "4.11"]
[White "Botea, David-Alexandru"]
[Black "Arion, Ilie"]
[Result "0-1"]
[ECO "B06"]
[WhiteElo "2013"]
[BlackElo "1758"]
[Annotator "ChessBase"]
[PlyCount "138"]
[EventDate "2021.11.21"]
[EventType "swiss"]
[EventCountry "ROU"]
[SourceTitle "playchess.com"]
[Source "ChessBase"]
[SourceQuality "1"]
[TimeControl "5400+30"]

1. e4 g6 2. d4 Bg7 3. Nc3 d6 4. f4 a6 5. Nf3 b5 6. Bd3 Nd7 7. e5 c5 8. Be4 Rb8 9. O-O cxd4 10. Qxd4 b4 11. Ne2 Nc5 12. Bc6+ Bd7 13. Bxd7+ Qxd7 14. Rd1 Nh6 15. Qc4 Ne6 16. exd6 Qa7+ 17. Nfd4 exd6 18. Qc6+ Qd7 19. Qd5 O-O 20. Be3 Ng4 21. Rd3 Nc5 22. Nc6 Nxd3 23. Nxb8 Rxb8 24. Qxd3 Nxe3 25. Qxe3 Re8 26. Qd2 Qe6 27. Kf2 Bxb2 28. Rb1 Qxa2 29. Rd1 Qc4 30. Rb1 Qc5+ 31. Kf1 Bc3 32. Nxc3 bxc3 33. Qd3 d5 34. Qxa6 Qe3 35. Qd3 Qxf4+ 36. Qf3 Qxh2 37. Rd1 d4 38. Kf2 Qh4+ 39. Kg1 Qe4 40. Qxe4 Rxe4 41. Kf2 Kg7 42. Kf3 f5 43. Rb1 Kf6 44. Rb6+ Kg5 45. Rd6 Re1 46. Rxd4 Rc1 47. g4 Rxc2 48. gxf5 Kxf5 49. Rd5+ Ke6 50. Rc5 Rc1 51. Ke2 h5 52. Kf2 c2 53. Kg2 Kf6 54. Rc6+ Kg5 55. Rc5+ Kh6 56. Rc6 h4 57. Kh2 Kh5 58. Rc5+ g5 59. Kg2 h3+ 60. Kh2 Kh4 61. Rc4+ Kh5 62. Rc5 Kg6 63. Rc6+ Kf5 64. Rc5+ Ke6 65. Rc6+ Kd7 66. Rc5 g4 67. Kg3 Rg1+ 68. Kh2 Rg2+ 69. Kh1 Rd2 0-1